 Dungeon Crawl Stone Soup version 0.27.1-33-g824d729ab1 (webtiles) character file.

Game seed: 16480273844526276957

10866 ces the Blocker (level 11, -2/89 HPs)
             Began as a Gnoll Fighter on Dec 1, 2021.
             Was an Initiate of Gozag.
             Slain by a meliai (3 damage)
             ... on level 13 of the Dungeon.
             The game lasted 00:37:35 (22419 turns).

ces the Blocker (Gnoll Fighter)                    Turns: 22419, Time: 00:37:36

Health: -2/89      AC:  6    Str: 19    XL:     11   Next: 68%
Magic:  21/21      EV: 13    Int:  6    God:    Gozag
Gold:   681        SH: 13    Dex: 11    Spells: 21/23 levels left

rFire    . . .     SeeInvis +   a - +2 war axe
rCold    + + +     Faith    .   c - +2 kite shield
rNeg     . . .     Spirit   .   q - +4 skin of Zhor {*Englaciate rC+++ SInv}
rPois    +         Reflect  .   (no helmet)
rElec    .         Harm     .   (no cloak)
rCorr    .         Rampage  .   (no gloves)
Will     .....                  (no boots)
Stlth    +++.......             t - amulet of the acrobat
HPRegen  0.24/turn              s - ring of poison resistance
MPRegen  0.17/turn              (no ring)

@: about to teleport
A: fangs 1, strong nose, distributed training, dopey 1
a: Renounce Religion, Potion Petition, Call Merchant, Bribe Branch


You were on level 13 of the Dungeon.
You worshipped Gozag.
Gozag was pleased with you.
You visited 2 branches of the dungeon, and saw 14 of its levels.
You also visited: Sewer.

You collected 3312 gold pieces.
You spent 1694 gold pieces at shops.
You paid 937 gold pieces to Gozag.

Inventory:

Hand Weapons
 a - a +2 war axe (weapon)
 b - a +0 hand crossbow
Missiles
 g - 260 arrows
 m - 57 bolts
Armour
 c - a +2 kite shield (worn)
 d - the +0 chain mail of Valiance {Dex+2}
   (You took it off an orc on level 6 of the Dungeon)

   Dex:       It affects your dexterity (+2).
 q - the +4 skin of Zhor (worn) {*Englaciate rC+++ SInv}
   (You bought it in a shop on level 13 of the Dungeon)

   It radiates cold, occasionally slowing all nearby creatures who are not
   resistant to cold.
   rC:        It renders you almost immune to cold.
   SInv:      It lets you see invisible.
Jewellery
 n - a ring of fire
 o - an amulet of regeneration
 s - a ring of poison resistance (left hand)
 t - an amulet of the acrobat (around neck)
 B - a ring of fire
Wands
 k - a wand of flame (22)
 A - a wand of polymorph (3)
Scrolls
 h - 3 scrolls of identify
 j - 2 scrolls of fog
 p - a scroll of amnesia
 w - 2 scrolls of teleportation
 x - a scroll of enchant armour
 C - a scroll of magic mapping
Potions
 e - a potion of cancellation
 f - a potion of magic
 i - a potion of curing
 l - a potion of ambrosia
 r - 2 potions of brilliance
 v - 3 potions of flight
 z - a potion of lignification


   Skills:
 + Level 9.6 Fighting
 + Level 6.9 Short Blades
 + Level 6.9 Long Blades
 + Level 8.4 Axes
 + Level 6.9 Maces & Flails
 + Level 6.9 Polearms
 + Level 6.9 Staves
 + Level 6.9 Slings
 + Level 6.9 Bows
 + Level 6.9 Crossbows
 + Level 6.9 Throwing
 + Level 9.6 Armour
 + Level 6.9 Dodging
 + Level 6.9 Stealth
 + Level 9.6 Shields
 + Level 6.9 Unarmed Combat
 + Level 6.9 Spellcasting
 + Level 5.7 Conjurations
 + Level 5.7 Hexes
 + Level 5.7 Summonings
 + Level 5.7 Necromancy
 + Level 5.7 Translocations
 + Level 5.7 Transmutations
 + Level 5.7 Fire Magic
 + Level 5.7 Ice Magic
 + Level 5.7 Air Magic
 + Level 5.7 Earth Magic
 + Level 5.7 Poison Magic
 + Level 7.6 Invocations
 + Level 6.9 Evocations


You had 21 spell levels left.
You knew the following spells:

 Your Spells              Type           Power      Damage    Failure   Level
a - Foxfire               Conj/Fire      36%        2x1d5     4%          1
b - Magic Dart            Conj           36%        1d4       4%          1

Your spell library contained the following spells:

 Spells                   Type           Power      Damage    Failure   Level
 Call Imp                 Summ           9%         N/A       7%          2
 Conjure Flame            Conj/Fire      9%         6-21      14%         3
 Inner Flame              Hex/Fire       9%         N/A       14%         3
 Mephitic Cloud           Conj/Pois/Air  9%         N/A       14%         3
 Airstrike                Air            4%         N/A       41%         4
 Summon Lightning Spire   Summ/Air       9%         N/A       41%         4
 Lightning Bolt           Conj/Air       4%         1d16      77%         5
 Malign Gateway           Summ/Tloc      4%         N/A       100%        7
 Summon Horrible Things   Summ           4%         N/A       100%        8


Dungeon Overview and Level Annotations

Branches:
Dungeon (12/15)            Temple (1/1) D:4           Sewer (visited)
   Lair: D:8-11         Orc: D:9-12

Altars:
Ashenzari
Cheibriados
Dithmenos
Elyvilon
Fedhas
Gozag
Hepliaklqana
Kikubaaqudgha
Makhleb
Nemelex Xobeh
Okawaru
Qazlal
Ru
Sif Muna
Trog
Uskayaw
Vehumet
Wu Jian
Xom
Yredelemnul
Zin
The Shining One

Shops:
D:5 !   D:10 ?   D:13 [

Portals:
Bailey: D:13

Annotations:
D:3 1 runed translucent door, Powertoast's ghost, amateur TrMo
D:8 Erica


Innate Abilities, Weirdness & Mutations

You have very sharp teeth.
Your uncanny sense of smell can sniff out nearby items.
Your experience applies equally to all skills.
You are dopey. (Int -2)


Message History

Found a spear and a halberd.
Found a flagged portal.
A meliai comes into view. It is wielding a +0 hand axe.
A meliai is nearby!
A meliai comes into view.
It is wielding a +2 hand axe of flaming.
A meliai comes into view. It is wielding a +0 war axe.
The meliai buzzes angrily. x2
The meliai completely misses you. The meliai misses you.
You block the meliai's attack. The meliai completely misses you.
The meliai moves out of view.
You barely miss the meliai. Your bite misses the meliai.
You radiate an aura of cold.
The meliai seems to slow down. x2
You block the meliai's attack. x2
You hit the meliai.
The meliai is lightly wounded.
You miss the meliai.
The meliai calls down the wrath of its god upon you.
Something smites you!
The meliai invokes the aid of its god against you.
Something smites you! The meliai hits you but does no damage.
The meliai misses you. You block the meliai's attack. The meliai stings you.
You hit the meliai but do no damage.
The meliai is lightly wounded.
You miss the meliai. You closely miss the meliai.
The meliai hits you with a +0 war axe! You block the meliai's attack.
The meliai misses you. The meliai stings you.
The meliai hits you with a +0 war axe!!
* * * LOW HITPOINT WARNING * * *
You block the meliai's attack. The meliai barely misses you.
You block the meliai's attack. The meliai hits you with a +0 hand axe!
* * * LOW HITPOINT WARNING * * *
The meliai stings you but does no damage.
As you read the scroll of teleportation, it crumbles to dust.
You feel strangely unstable. The meliai closely misses you.
The meliai stings you!
* * * LOW HITPOINT WARNING * * *
The meliai hits you with a +2 hand axe of flaming.
* * * LOW HITPOINT WARNING * * *
The meliai burns you.
You die...
Your body crumbles into a pile of gold.

###............####.##..
#.........#..........##.
#..).........#.####..#..
#.)∩)..#....#### #.....
#..)...#....# ...##.
#......#.#.## .#.##.
#.#..#### . .. . #....#
## ... ###y@# ...
##yy...... .........
.......... ..#######..
... ∆ . .... $ $ #.#.


You could see 3 meliai.

Vanquished Creatures
  Harold (D:10)
  An alligator (D:10)
  2 two-headed ogres
  3 manticores
  Maggie (D:9)
  A gargoyle (D:10)
  A kobold demonologist (D:9)
  2 komodo dragons (D:11)
  A troll (D:9)
  Prince Ribbit (D:9)
  2 shadows
  A wraith (D:10)
  3 wyverns
  A steam dragon (D:9)
  An acid dragon (D:10)
  2 sky beasts (D:6)
  3 black bears
  A necrophage (D:7)
  An orc warrior (D:6)
  An ogre (D:6)
  7 centaurs
  8 kobold brigands
  A gnoll sergeant (D:13)
  7 bullfrogs
  2 water moccasin zombies (D:5)
  5 wights (D:8)
  6 howler monkeys
  2 vampire bats (D:9)
  2 electric eels (D:8)
  3 jellies
  2 hounds
  A centaur zombie (D:10)
  A gnoll shaman (D:6)
  3 bullfrog skeletons
  7 orc wizards
  A killer bee zombie (D:6)
  3 howler monkey zombies (D:6)
  Robin (D:2)
  A howler monkey skeleton (D:4)
  14 adders
  14 gnolls
  3 river rats (Sewer)
  3 white imps
  2 adder skeletons (D:4)
  2 worms
  A dart slug (D:4)
  29 orcs
  5 bats
  4 bat skeletons (D:9)
  2 bat zombies (D:9)
  10 endoplasms
  5 giant cockroaches (D:4)
  11 goblins
  15 hobgoblins
  6 jackals
  26 kobolds
  9 quokkas
  13 ball pythons
  4 frilled lizards
  29 rats
300 creatures vanquished.

Vanquished Creatures (collateral kills)
  A ball python (Sewer)
1 creature vanquished.

Vanquished Creatures (others)
  19 plants
19 creatures vanquished.

Grand Total: 320 creatures vanquished

Notes
Turn   | Place    | Note
-------+----------+-------------------------------------------
     0 | D:1      | ces the Gnoll Fighter began the quest for the Orb.
     0 | D:1      | Reached XP level 1. HP: 23/23 MP: 1/1
    40 | D:1      | Reached XP level 2. HP: 28/29 MP: 2/2
   340 | D:1      | Found a faded altar of an unknown god.
   486 | D:1      | Reached XP level 3. HP: 35/35 MP: 3/3
   869 | D:2      | Reached skill level 1 in Invocations
  1088 | D:2      | Reached skill level 1 in Short Blades
  1088 | D:2      | Reached skill level 1 in Long Blades
  1088 | D:2      | Reached skill level 1 in Maces & Flails
  1088 | D:2      | Reached skill level 1 in Polearms
  1088 | D:2      | Reached skill level 1 in Staves
  1088 | D:2      | Reached skill level 1 in Slings
  1088 | D:2      | Reached skill level 1 in Bows
  1088 | D:2      | Reached skill level 1 in Crossbows
  1088 | D:2      | Reached skill level 1 in Throwing
  1088 | D:2      | Reached skill level 1 in Dodging
  1088 | D:2      | Reached skill level 1 in Stealth
  1088 | D:2      | Reached skill level 1 in Unarmed Combat
  1088 | D:2      | Reached skill level 1 in Spellcasting
  1088 | D:2      | Reached skill level 1 in Evocations
  1088 | D:2      | Identified a scroll of acquirement
  1090 | D:2      | Acquired 1003 gold pieces
  1480 | D:2      | Noticed Robin
  1485 | D:2      | Reached XP level 4. HP: 39/41 MP: 5/5
  1500 | D:2      | Killed Robin
  2101 | D:3      | Reached skill level 1 in Conjurations
  2101 | D:3      | Reached skill level 1 in Hexes
  2101 | D:3      | Reached skill level 1 in Summonings
  2101 | D:3      | Reached skill level 1 in Necromancy
  2101 | D:3      | Reached skill level 1 in Translocations
  2101 | D:3      | Reached skill level 1 in Transmutations
  2101 | D:3      | Reached skill level 1 in Fire Magic
  2101 | D:3      | Reached skill level 1 in Ice Magic
  2101 | D:3      | Reached skill level 1 in Air Magic
  2101 | D:3      | Reached skill level 1 in Earth Magic
  2101 | D:3      | Reached skill level 1 in Poison Magic
  2181 | D:3      | Found a runed translucent door.
  2183 | D:3      | Noticed Powertoast's ghost (amateur TrMo)
  2212 | D:3      | Reached XP level 5. HP: 24/47 MP: 5/7
  3714 | D:3      | Found a shadowy altar of Dithmenos.
  3811 | D:3      | Reached XP level 6. HP: 52/53 MP: 8/8
  4023 | D:3      | Found a bloodstained altar of Trog.
  4228 | D:4      | Found a glowing drain.
  4306 | Sewer    | Entered a sewer
  5199 | Sewer    | Reached skill level 5 in Axes
  5730 | Sewer    | Reached skill level 5 in Invocations
  5730 | Sewer    | Reached XP level 7. HP: 42/62 MP: 9/14
  5754 | Sewer    | Reached skill level 5 in Short Blades
  5754 | Sewer    | Reached skill level 5 in Long Blades
  5754 | Sewer    | Reached skill level 5 in Maces & Flails
  5754 | Sewer    | Reached skill level 5 in Polearms
  5754 | Sewer    | Reached skill level 5 in Staves
  5754 | Sewer    | Reached skill level 5 in Slings
  5754 | Sewer    | Reached skill level 5 in Bows
  5754 | Sewer    | Reached skill level 5 in Crossbows
  5754 | Sewer    | Reached skill level 5 in Throwing
  5754 | Sewer    | Reached skill level 5 in Dodging
  5754 | Sewer    | Reached skill level 5 in Stealth
  5754 | Sewer    | Reached skill level 5 in Unarmed Combat
  5754 | Sewer    | Reached skill level 5 in Spellcasting
  5754 | Sewer    | Reached skill level 5 in Evocations
  6190 | D:4      | Found a staircase to the Ecumenical Temple.
  6414 | D:4      | Found a shimmering blue altar of Sif Muna.
  6462 | D:4      | Reached XP level 8. HP: 57/69 MP: 15/15
  6954 | D:5      | Entered Level 5 of the Dungeon
  6965 | D:5      | Found Zytuad's Distillery.
  7871 | D:6      | Identified the +0 chain mail of Valiance {Dex+2}
  8510 | D:6      | Learned a level 1 spell: Foxfire
  8643 | D:6      | Reached XP level 9. HP: 25/75 MP: 16/16
  9934 | Temple   | Entered the Ecumenical Temple
  9987 | Temple   | Became a worshipper of Gozag Ym Sagoz the Greedy
 10569 | D:5      | Bought a potion of heal wounds for 70 gold pieces
 10569 | D:5      | Bought a potion of flight for 42 gold pieces
 10569 | D:5      | Bought a potion of curing for 42 gold pieces
 10569 | D:5      | Bought a potion of curing for 42 gold pieces
 10569 | D:5      | Bought a potion of curing for 42 gold pieces
 10569 | D:5      | Bought a potion of lignification for 42 gold pieces
 10569 | D:5      | Bought a potion of might for 56 gold pieces
 10569 | D:5      | Bought a potion of ambrosia for 112 gold pieces
 12067 | D:8      | Noticed a two-headed ogre
 12082 | D:8      | HP: 2/73 [two-headed ogre (19)]
 12623 | D:8      | Gained mutation: Your body sometimes deteriorates upon
                  | taking damage. [potion of mutation]
 12623 | D:8      | Gained mutation: You sometimes lose the ability to read
                  | scrolls when taking damage. [potion of mutation]
 12624 | D:8      | Lost mutation: You sometimes lose the ability to read
                  | scrolls when taking damage. [potion of mutation]
 12624 | D:8      | Lost mutation: Your body sometimes deteriorates upon taking
                  | damage. [potion of mutation]
 12624 | D:8      | Gained mutation: Your skin changes colour to match your
                  | surroundings (Stealth+). [potion of mutation]
 12625 | D:8      | Lost mutation: Your skin changes colour to match your
                  | surroundings (Stealth+). [potion of mutation]
 12625 | D:8      | Gained mutation: You are dopey. (Int -2) [potion of
                  | mutation]
 12694 | D:8      | Killed a two-headed ogre
 12695 | D:8      | Reached XP level 10. HP: 52/82 MP: 18/18
 12984 | D:8      | Noticed Erica
 15071 | D:9      | Noticed a kobold demonologist
 15148 | D:9      | Killed a kobold demonologist
 15149 | D:9      | Reached skill level 5 in Conjurations
 15149 | D:9      | Reached skill level 5 in Hexes
 15149 | D:9      | Reached skill level 5 in Summonings
 15149 | D:9      | Reached skill level 5 in Necromancy
 15149 | D:9      | Reached skill level 5 in Translocations
 15149 | D:9      | Reached skill level 5 in Transmutations
 15149 | D:9      | Reached skill level 5 in Fire Magic
 15149 | D:9      | Reached skill level 5 in Ice Magic
 15149 | D:9      | Reached skill level 5 in Air Magic
 15149 | D:9      | Reached skill level 5 in Earth Magic
 15149 | D:9      | Reached skill level 5 in Poison Magic
 15325 | D:9      | Noticed Prince Ribbit
 15347 | D:9      | Killed Prince Ribbit
 15474 | D:9      | Noticed Maggie
 15530 | D:9      | Killed Maggie
 16176 | D:9      | Found an ancient bone altar of Kikubaaqudgha.
 16298 | D:10     | Entered Level 10 of the Dungeon
 16299 | D:10     | Noticed a two-headed ogre
 16765 | D:10     | Noticed a gargoyle
 16793 | D:10     | Killed a gargoyle
 16794 | D:10     | Reached XP level 11. HP: 75/89 MP: 20/20
 17017 | D:10     | Found Edomaf's Magic Scroll Emporium.
 17025 | D:10     | Acquired 956 gold pieces
 17092 | D:10     | Found a basalt altar of Yredelemnul.
 17092 | D:10     | Found a hide-covered altar of Uskayaw.
 17092 | D:10     | Found a sacrificial altar of Ru.
 17415 | D:10     | Bought a scroll of teleportation for 39 gold pieces
 17415 | D:10     | Bought a scroll of teleportation for 39 gold pieces
 17415 | D:10     | Bought a scroll of identify for 26 gold pieces
 17415 | D:10     | Bought a scroll of fog for 26 gold pieces
 17415 | D:10     | Bought a scroll of identify for 26 gold pieces
 17415 | D:10     | Bought a scroll of identify for 26 gold pieces
 17461 | D:11     | Noticed a four-headed hydra
 17496 | D:11     | You fall into a shaft and drop 1 floor!
 17510 | D:12     | Found an ancient bone altar of Kikubaaqudgha.
 17511 | D:12     | Noticed a manticore
 17518 | D:12     | Killed a manticore
 17528 | D:12     | Learned a level 1 spell: Magic Dart
 17553 | D:12     | Noticed an eight-headed hydra
 17582 | D:12     | HP: 3/89 [something (8)]
 17837 | D:11     | Noticed a manticore
 17843 | D:11     | Killed a manticore
 18493 | D:11     | Noticed a cyclops
 19312 | D:9      | Killed a two-headed ogre
 20889 | D:11     | Noticed Harold
 20920 | D:11     | Noticed a four-headed hydra
 21008 | D:11     | Noticed an alligator
 21008 | D:11     | a four-headed hydra changed into an alligator
 21038 | D:10     | Killed an alligator
 21547 | D:10     | Killed Harold
 22004 | D:10     | You fall into a shaft and drop 3 floors!
 22004 | D:13     | Noticed a manticore
 22008 | D:13     | Killed a manticore
 22072 | D:13     | Found Muohem's Armour Shop.
 22351 | D:13     | Bought the +4 skin of Zhor {*Englaciate rC+++ SInv} for
                  | 1064 gold pieces
 22351 | D:13     | Found the +4 skin of Zhor {*Englaciate rC+++ SInv}
 22413 | D:13     | Found a flagged portal.
 22419 | D:13     | HP: 1/89 [meliai (5)]
 22419 | D:13     | Slain by a meliai

Illustrated notes

Levels and vault maps discovered:
D:1:      roderic_crop_circles_arrival_small, layout_basic,
          hellmonk_ecumenical_altar_lost_god, ebering_dispersal_statue_hall,
          minmay_statues_item, minmay_misc_feat_square
D:2:      layout_loops_cross, hangedman_abyss_or_decor_lesser_grid, uniq_robin
D:3:      layout_loops_cross, lightli_temple_of_fire,
          nicolae_dithmenos_shadow_blocks, gammafunk_ghost_grave
D:4:      layout_gridville, nicolae_sif_muna_condensation,
          minmay_temple_entry_wispy, gup_sewer_entry_pipe
D:5:      layout_gridville, serial_shops,
          nicolae_shop_temple_entry_statues_fountains, mrwooster_statue_mirror
D:6:      layout_cave_pods, minmay_chambers_of_fives
D:7:      layout_loops_cross
D:8:      layout_layer_cave, serial_bayou, serial_bayou_pond_d,
          serial_bayou_pond_a, serial_bayou_lagoon_a, serial_bayou_ford_a,
          uniq_erica
D:9:      layout_loops_ring, kennysheep_vampire_church, special_room
          [special_room_kobold], uniq_prince_ribbit1, uniq_maggie
D:10:     layout_gridville, gammafunk_temple_overflow_forgotten, serial_shops,
          shop_fountains, st_stairs_14, chequers_serial_rivers_small_a,
          minmay_holes
D:11:     layout_roguey, erik_lair_dragon, uniq_harold
D:12:     layout_rooms, david_orc_1_choice, hangedman_feature_mirror
D:13:     layout_cave_pools, hangedman_vaults_entry_quadrant_bands,
          enter_bailey_2, serial_shops, nicolae_shop_crystal, tgw_trog
Temple:   eino_wide_crystal_templ

Skill      XL: |  1  2  3  4  5  6  7  8  9 10 11 |
---------------+----------------------------------+-----
Invocations    | 1 2 5 6 7 |  7.6
Short Blades   | 1 4 5 6 |  6.9
Long Blades    | 1 4 5 6 |  6.9
Maces & Flails | 1 4 5 6 |  6.9
Polearms       | 1 4 5 6 |  6.9
Staves         | 1 4 5 6 |  6.9
Slings         | 1 4 5 6 |  6.9
Bows           | 1 4 5 6 |  6.9
Crossbows      | 1 4 5 6 |  6.9
Throwing       | 1 4 5 6 |  6.9
Dodging        | 1 4 5 6 |  6.9
Stealth        | 1 4 5 6 |  6.9
Unarmed Combat | 1 4 5 6 |  6.9
Spellcasting   | 1 4 5 6 |  6.9
Evocations     | 1 4 5 6 |  6.9
Conjurations   | 1 4 5 |  5.7
Hexes          | 1 4 5 |  5.7
Summonings     | 1 4 5 |  5.7
Necromancy     | 1 4 5 |  5.7
Translocations | 1 4 5 |  5.7
Transmutations | 1 4 5 |  5.7
Fire Magic     | 1 4 5 |  5.7
Ice Magic      | 1 4 5 |  5.7
Air Magic      | 1 4 5 |  5.7
Earth Magic    | 1 4 5 |  5.7
Poison Magic   | 1 4 5 |  5.7
Axes           | 6 7 8 |  8.4
Fighting       | 8 9 |  9.6
Armour         | 8 9 |  9.6
Shields        | 8 9 |  9.6

Action                   |  1- 3 |  4- 6 |  7- 9 | 10-12 || total
-------------------------+-------+-------+-------+-------++-------
Melee: War axe           |   112 |   270 |   319 |   341 ||  1042
       Bite              |     6 |    23 |    34 |    33 ||    96
       Unarmed           |       |       |       |     1 ||     1
 Fire: Hand crossbow     |       |       |    33 |    10 ||    43
Invok: Potion Petition   |       |       |       |     1 ||     1
Evoke: Wand              |       |       |     6 |    21 ||    27
  Use: Potion            |     4 |     8 |    11 |    13 ||    36
       Scroll            |     3 |     5 |    12 |     6 ||    26
 Stab: Sleeping          |       |       |     1 |       ||     1
Armor: Scale mail        |    47 |   167 |   121 |     9 ||   344
       Skin              |       |     5 |       |     5 ||    10
       Chain mail        |       |       |       |   134 ||   134
       Animal skin       |       |       |       |     2 ||     2
Dodge: Dodged            |    33 |    99 |   137 |   157 ||   426
Block: Kite shield       |    72 |   246 |   264 |   308 ||   890
